 Dungeon Crawl Stone Soup version 0.30.1-3-gfc49f6343a (webtiles) character file.

Game seed: 10877291799308507528

1335 ANON1729 the Trooper (level 8, -3/71 HPs)
             Began as a Minotaur Monk on Aug 9, 2023.
             Killed from afar by an acid dragon (21 damage)
             ... with a splash of acid
             ... on level 6 of the Dungeon.
             The game lasted 00:02:39 (4228 turns).

ANON1729 the Trooper (Minotaur Monk)                Turns: 4228, Time: 00:02:40

Health: -3/71      AC:  1    Str: 17    XL:     8   Next: 35%
Magic:  10/10      EV: 10    Int:  7    God:
Gold:   334        SH:  0    Dex: 14    Spells: 7/7 levels left

rFire   . . .        a - +0 short sword
rCold   . . .        d - orb {light}
rNeg    . . .        q - +0 chain mail {rPois}
rPois   +            (helmet restricted)
rElec   .            (no cloak)
rCorr   .            (no gloves)
SInv    .            (no boots)
Will    .....        r - amulet of regeneration Stlth
                     (no ring)
HPRegen 1.11/turn    (no ring)
MPRegen 0.12/turn

%: no passive effects
@: corroded, glowing
A: horns 2, retaliatory headbutt
a: no special abilities


You were on level 6 of the Dungeon.
You visited 2 branches of the dungeon, and saw 7 of its levels.

You collected 334 gold pieces.

Inventory:

Hand Weapons
 a - a +0 short sword (weapon)
 w - a +1 short sword of distortion
Missiles
 l - 8 curare-tipped darts (quivered)
Armour
 b - a +0 robe
 d - an orb of light (worn)
 q - a +0 chain mail of poison resistance (worn)
Jewellery
 m - a ring of fire
 r - an amulet of regeneration (around neck)
 t - an amulet of guardian spirit
 u - a ring of positive energy
Wands
 x - a wand of iceblast (8)
 y - a wand of mindburst (10)
 z - a wand of paralysis (14)
Scrolls
 f - a scroll of fog
 i - 2 scrolls of vulnerability
 j - a scroll of poison {unknown}
 k - 3 scrolls of teleportation
 n - 2 scrolls of torment {unknown}
 o - 2 scrolls of amnesia {unknown}
 p - 4 scrolls of magic mapping
 v - a scroll of butterflies {unknown}
Potions
 c - a potion of resistance {unknown}
 e - a potion of degeneration {unknown}
 g - a potion of magic {unknown}
 h - a potion of curing {unknown}
 s - 2 potions of heal wounds {unknown}
 A - a potion of might {unknown}
 B - a potion of brilliance {unknown}


   Skills:
 + Level 6.5 Fighting
 + Level 6.0 Short Blades
 + Level 5.2 Armour
 + Level 5.9 Dodging
 + Level 4.3 Invocations


You had 7 spell levels left.
You didn't know any spells.
Your spell library contained the following spells:

 Spells                   Type           Power      Damage    Failure   Level
 Sandblast                Erth           0%         2d4       99%         1
 Lesser Beckoning         Tloc           0%         N/A       100%        2
 Passwall                 Tmut/Erth      0%         N/A       100%        2
 Gell's Gravitas          Tloc           0%         N/A       100%        3
 Stone Arrow              Conj/Erth      0%         3d7       100%        3
 Teleport Other           Tloc           0%         N/A       100%        3


Dungeon Overview and Level Annotations

Branches:
Dungeon (6/15)             Temple (1/1) D:5

Altars:
Ashenzari
Cheibriados
Hepliaklqana
Kikubaaqudgha
Makhleb
Okawaru
Ru
Trog
Wu Jian
Xom
Yredelemnul
The Shining One

Annotations:
D:6 1 runed translucent door, aeroqp's ghost, novice FoEE


Innate Abilities, Weirdness & Mutations

You have a pair of horns on your head.
You reflexively headbutt those who attack you in melee.


Message History

You hit the acid dragon but do no damage.
The acid dragon is lightly wounded.
The acid dragon bites you. The acid dragon claws you.
You are too injured to fight recklessly!
You are too injured to fight recklessly!
You are too injured to fight recklessly!
You are too injured to fight recklessly!
You are too injured to fight recklessly!
You are too injured to fight recklessly!
You are too injured to fight recklessly!
You are too injured to fight recklessly!
You are too injured to fight recklessly!
You are too injured to fight recklessly!
You are too injured to fight recklessly!
You are too injured to fight recklessly!
You are too injured to fight recklessly!
You are too injured to fight recklessly!
You are too injured to fight recklessly!
You are too injured to fight recklessly!
You are too injured to fight recklessly!
Aiming: Iceblast
Press: ? - help, Shift-Dir - straight line The mass of ice explodes!
The iceblast engulfs the acid dragon!
The acid dragon is heavily wounded.
The acid dragon bites you!
* * * LOW HITPOINT WARNING * * *
The acid dragon barely misses you.
Aiming: Iceblast
Press: ? - help, Shift-Dir - straight line The mass of ice explodes!
The iceblast engulfs the acid dragon.
The acid dragon is severely wounded.
The acid dragon barely misses you. The acid dragon claws you.
* * * LOW HITPOINT WARNING * * *
Aiming: Iceblast
Press: ? - help, Shift-Dir - straight line The mass of ice explodes!
The iceblast engulfs the acid dragon.
The acid dragon is almost dead.
The acid dragon spits acid at you. The splash of acid hits you!!
You die...

#..# #..........
##.###..........
#...#........#
#.....)......##
#...#..........
##.##........#
.######.#.........#
..................#
#######@.†........#
#D.###...#### #..#
#...# #..# #...#
##..# ##.##
...####†#######
##.###.........#
#.###.#.#####.#
#........#


You could see an acid dragon (catching breath).

Vanquished Creatures
  A water moccasin (D:5)
  3 ogres
  A centaur (D:5)
  A phantom (D:6)
  A scorpion (D:5)
  A vampire bat (D:5)
  A howler monkey (D:4)
  6 hounds
  A jelly (D:5)
  3 orc priests
  An iguana (D:5)
  3 orc wizards
  9 adders
  10 gnolls
  A shadow imp (D:5)
  3 worms
  A dart slug (D:1)
  17 orcs
  6 bats
  A bat skeleton (D:5)
  4 bat zombies (D:5)
  4 endoplasms
  2 giant cockroaches
  4 goblins
  5 hobgoblins
  2 jackals (D:2)
  4 kobolds
  3 quokkas
  10 ball pythons
  A frilled lizard (D:3)
  A rat (D:2)
111 creatures vanquished.

Notes
Turn   | Place    | Note
-------+----------+-------------------------------------------
     0 | D:1      | ANON1729 the Minotaur Monk began the quest for the Orb.
     0 | D:1      | Reached XP level 1. HP: 19/19 MP: 0/0
     2 | D:1      | Noticed a demonspawn
     2 | D:1      | Noticed a ghoul
     4 | D:1      | Noticed a vampire
     4 | D:1      | Noticed a vine stalker
     6 | D:1      | Noticed a tengu
     6 | D:1      | Noticed an ogre
    10 | D:1      | Noticed a gargoyle
    10 | D:1      | Noticed a formicid
    12 | D:1      | Noticed a troll
    12 | D:1      | Noticed a draconian
    14 | D:1      | Noticed a naga
    14 | D:1      | Noticed a meteoran
    16 | D:1      | Noticed an octopode
    18 | D:1      | Noticed a felid
    18 | D:1      | Noticed a human
    20 | D:1      | Noticed a demigod
    20 | D:1      | Noticed an armataur
    22 | D:1      | Noticed a merfolk
    22 | D:1      | Noticed an elf
    24 | D:1      | Noticed a spriggan
    24 | D:1      | Noticed a merfolk
    26 | D:1      | Noticed an octopode
    26 | D:1      | Noticed an octopode
    80 | D:1      | Reached XP level 2. HP: 27/27 MP: 1/1
   224 | D:1      | Reached skill level 1 in Armour
   617 | D:2      | Reached skill level 1 in Invocations
   617 | D:2      | Reached XP level 3. HP: 29/33 MP: 2/2
  1005 | D:2      | Found a faded altar of an unknown god.
  1302 | D:3      | Reached XP level 4. HP: 40/40 MP: 4/4
  1434 | D:3      | Reached XP level 5. HP: 46/47 MP: 5/5
  1523 | D:3      | Found a snail-covered altar of Cheibriados.
  1943 | D:4      | Noticed an ogre
  1950 | D:4      | Killed an ogre
  1951 | D:4      | Reached XP level 6. HP: 12/55 MP: 6/6
  2067 | D:4      | Reached skill level 5 in Fighting
  2764 | D:5      | Entered Level 5 of the Dungeon
  2800 | D:5      | Reached XP level 7. HP: 60/61 MP: 8/8
  2818 | D:5      | Found an ancient bone altar of Kikubaaqudgha.
  2886 | D:5      | Reached skill level 5 in Short Blades
  2886 | D:5      | Reached skill level 5 in Dodging
  2935 | D:5      | Found a staircase to the Ecumenical Temple.
  3358 | D:5      | Reached XP level 8. HP: 57/70 MP: 8/10
  3616 | D:5      | Reached skill level 5 in Armour
  3792 | Temple   | Entered the Ecumenical Temple
  4073 | D:6      | Found a runed translucent door.
  4073 | D:6      | Noticed a boulder beetle
  4075 | D:6      | Noticed aeroqp's ghost (novice FoEE)
  4194 | D:6      | Found a broken altar of Ashenzari.
  4197 | D:6      | Found a sacrificial altar of Ru.
  4202 | D:6      | Found a glowing golden altar of the Shining One.
  4228 | D:6      | Killed from afar by an acid dragon

Illustrated notes

Levels and vault maps discovered:
D:1:      kb_arrival_jail, layout_basic
D:2:      layout_rooms, serial_curves, eino_curves_04, eino_curves_01,
          eino_curves_03, shapermc_ecumenical_altar_petra,
          minmay_fractal_squares_gapless_5
D:3:      layout_basic, slow_altar_1, amcnicky_mini_rare_corridor_liquid,
          kennysheep_nub
D:4:      layout_basic, hex_intersection
D:5:      layout_loops_ring, kennysheep_vampire_church,
          minmay_temple_entry_poolview
D:6:      layout_loops_ring, grunt_temple_overflow_diamond,
          mainiacjoe_overflow_chevrons, ebering_ghost_inner_flame,
          nicolae_shop_vocational
Temple:   nicolae_temple_bog_church

Skill      XL: |  1  2  3  4  5  6  7  8 |
---------------+-------------------------+-----
Armour         | 1 2 3 4 5 |  5.2
Fighting       | 4 5 6 |  6.5
Invocations    | 1 2 3 4 |  4.3
Short Blades   | 4 5 6 |  6.0
Dodging        | 4 5 |  5.9

Action                     |  1- 3 |  4- 6 |  7- 9 || total
---------------------------+-------+-------+-------++-------
  Melee: Short sword       |    76 |   173 |   164 ||   413
         Headbutt          |    15 |    49 |    51 ||   115
  Throw: Dart              |       |     2 |       ||     2
  Evoke: Wand              |       |       |     4 ||     4
    Use: Potion            |       |     1 |       ||     1
         Scroll            |       |       |     5 ||     5
 Armour: Robe              |    15 |       |       ||    15
         Chain mail        |     2 |    84 |    74 ||   160
  Dodge: Dodged            |    42 |    76 |    77 ||   195
